[Event "7th Sharjah Masters 2024"]
[Site "Sharjah"]
[Date "2024.05.20"]
[Round "7.12"]
[White "Vokhidov, Shamsiddin"]
[Black "Nihal Sarin"]
[Result "1-0"]
[ECO "B06"]
[WhiteElo "2592"]
[BlackElo "2680"]
[Annotator "RC"]
[PlyCount "69"]
[EventDate "2024.05.13"]
[EventType "swiss"]
[EventCountry "UAE"]
[SourceTitle "playchess.com"]
[Source "ChessBase"]
[SourceQuality "1"]
[TimeControl "5400+30"]

1. e4 g6 2. d4 Bg7 3. Nc3 d6 4. Be3 a6 5. h4 h6 6. Qd2 Nd7 7. a4 Ngf6 8. f3 c5 9. dxc5 dxc5 10. Nge2 Qa5 11. Nc1 Qc7 12. a5 Ne5 13. Nb3 Be6 14. Nxc5 Bc4 15. Nd3 Nc6 16. Bb6 Qg3+ 17. Qf2 Nh5 18. Rh3 Qd6 19. Qc5 Bxd3 20. Qxd6 exd6 21. cxd3 Rc8 22. Kd2 Be5 23. Ra4 Nf4 24. Rh1 Ne6 25. Be2 h5 26. Rc4 Kd7 27. Bd1 Bf4+ 28. Ke2 Be5 29. Ba4 Nf4+ 30. Kd2 Nxg2 31. Nd5 Ke6 32. d4 Bf6 33. Ke2 g5 34. hxg5 Bxg5 35. Rg1 1-0

[Event "7th Sharjah Masters 2024"]
[Site "Sharjah"]
[Date "2024.05.20"]
[Round "7.13"]
[White "Blohberger, Felix"]
[Black "Ter-Sahakyan, Samvel"]
[Result "1/2-1/2"]
[ECO "E36"]
[WhiteElo "2506"]
[BlackElo "2652"]
[Annotator "TA"]
[PlyCount "88"]
[EventDate "2024.05.13"]
[EventType "swiss"]
[EventCountry "UAE"]
[SourceTitle "playchess.com"]
[Source "ChessBase"]
[SourceQuality "1"]
[TimeControl "5400+30"]

1. d4 Nf6 2. c4 e6 3. Nc3 Bb4 4. Qc2 d5 5. a3 Bxc3+ 6. Qxc3 h6 {[%emt 0:05:35] Inhibits Bg5.} 7. Nf3 O-O 8. e3 b6 {[%emt 0:04:23] White has an edge.} 9. b3 Bb7 10. Be2 Nbd7 {[%emt 0:00:18] The position is equal.} 11. Bb2 Rc8 12. O-O c5 13. Rac1 Ne4 14. Qd3 Qe7 15. Rfd1 Rfd8 16. h3 Nd6 17. cxd5 Bxd5 18. Nd2 Bc6 19. Qb1 cxd4 20. Bxd4 Nf5 21. Bb2 Nh4 (21... Nc5 $5) 22. g3 Ng6 23. Bf3 {[%emt 0:00:00] A strong pair of Bishops.} Nde5 24. Bxc6 Rxc6 25. Rxc6 Nxc6 26. Nf3 Rxd1+ 27. Qxd1 Nf8 28. Qd3 Qd7 29. Qxd7 Nxd7 $11 {[%emt 0:00:01][%mdl 4096] Endgame. KBN-KNN} 30. b4 f6 31. Kf1 Kf7 32. Ke2 e5 33. e4 Nd8 34. Kd3 Nb7 35. Bc1 Nd6 36. g4 b5 37. Be3 a6 38. Nd2 Ke6 39. h4 Kf7 40. h5 Ke8 41. f3 Kd8 42. Kc3 Ke8 43. Kd3 Kd8 44. Kc3 Ke8 {[%emt 0:00:03] An interesting draw.   Weighted Error Value: White=0.03 (flawless) /Black=0.03 (flawless) .  OK:         	White=18    	Black=21} 1/2-1/2

[Event "7th Sharjah Masters 2024"]
[Site "Sharjah"]
[Date "2024.05.20"]
[Round "7.14"]
[White "Nguyen, Thai Dai Van"]
[Black "Yuffa, Daniil"]
[Result "1-0"]
[ECO "B10"]
[WhiteElo "2650"]
[BlackElo "2617"]
[Annotator "TA"]
[PlyCount "123"]
[EventDate "2024.05.13"]
[EventType "swiss"]
[EventCountry "UAE"]
[SourceTitle "playchess.com"]
[Source "ChessBase"]
[SourceQuality "1"]
[TimeControl "5400+30"]

1. e4 c6 2. Nf3 d5 3. d3 dxe4 4. dxe4 Qxd1+ 5. Kxd1 Nf6 6. Nbd2 g6 7. a4 b6 8. Ne5 {[%emt 0:23:32] The position is equal.} Bg7 9. Nd3 O-O 10. f3 Na6 11. c3 Ne8 12. Kc2 Nd6 13. Be2 e5 14. b3 f5 15. Nf2 Nc7 16. Nc4 Nxc4 17. Bxc4+ Be6 18. Bxe6+ Nxe6 19. Re1 Rad8 20. Nd3 fxe4 21. Rxe4 Rxd3 22. Kxd3 {[%emt 0:00:11] [#] Be3 is the strong threat.} Nc5+ 23. Ke2 $1 Nxe4 24. fxe4 $14 {[%emt 0:00:05][%mdl 4096] Endgame. KRB-KRB} Rb8 25. Be3 Bf6 26. b4 Kf7 27. a5 Ke6 28. axb6 axb6 29. Ra6 Bd8 30. Ra7 {[%emt 0:00:07] White is more active.} Be7 31. Ra6 Bd8 32. Ra7 {[%emt 0:00:30] Prevents Rb7.} Be7 33. g3 b5 34. h4 Rd8 35. Bc5 Rd7 36. Ra6 Rc7 (36... Bxc5 37. bxc5 Rc7 38. Kd3 $18) 37. Ra8 Bxc5 38. bxc5 $11 {[%emt 0:00:01] KR-KR} Rb7 39. Re8+ Kd7 40. Rxe5 Ra7 41. h5 Ra3 42. hxg6 hxg6 43. Kd2 $1 b4 44. cxb4 Rxg3 45. Ke2 Rb3 46. Rg5 Ke6 $2 {[%emt 0:00:35][%mdl 8192] A mistake that costs the game.} (46... Rxb4 $11 47. Kd3 Rb5) 47. Rxg6+ $18 Ke5 48. Rxc6 Rxb4 {[%emt 0:00:06] [#]} 49. Kd3 {[%emt 0:01:43] White mates.} Rd4+ 50. Kc3 Rxe4 51. Rd6 Rh4 52. Kb3 Rg4 53. Rd8 Ke6 54. c6 Rg7 55. Kb4 Ra7 56. Kc5 Ke7 57. Rd1 Ra2 58. c7 Rc2+ 59. Kb6 Rb2+ 60. Kc6 Rc2+ 61. Kb7 Rb2+ 62. Kc8 {[%emt 0:00:07] Weighted Error Value: White=0.06 (flawless) /Black=0.13 (very precise) .  Loses game:     	---       	Black=1      Inaccurate:     	White=2     	Black=5      OK:         	White=14    	Black=26     Best:        	White=1     	Black=3      Strong:       	White=2     	---} 1-0

[Event "7th Sharjah Masters 2024"]
[Site "Sharjah"]
[Date "2024.05.20"]
[Round "7.15"]
[White "Mendonca, Leon Luke"]
[Black "Kuybokarov, Temur"]
[Result "1-0"]
[ECO "C50"]
[WhiteElo "2640"]
[BlackElo "2602"]
[Annotator "TA"]
[PlyCount "67"]
[EventDate "2024.05.13"]
[EventType "swiss"]
[EventCountry "UAE"]
[SourceTitle "playchess.com"]
[Source "ChessBase"]
[SourceQuality "1"]
[TimeControl "5400+30"]

1. e4 e5 2. Nf3 Nc6 3. Bc4 Bc5 4. d3 d6 5. c3 Qf6 6. a4 a6 7. b4 Ba7 8. O-O {[%emt 0:06:17] White has an edge.} Nge7 9. Bg5 Qg6 10. Nbd2 {[%emt 0:01:04] [#]} ({White should play} 10. Be3 $14) 10... Bh3 $1 $11 11. gxh3 {[%emt 0:04:43] Hoping for Kh1.} h6 12. h4 {[%emt 0:07:38][%cal Oh4h5] Black must now prevent h5!} hxg5 13. Nxg5 Nd8 {[%emt 0:04:48][%cal Of7f6] ...f6! would now be deadly.} (13... d5 14. exd5 O-O-O (14... Rxh4 15. Ndf3 $18) 15. Kh1 (15. dxc6 Rxh4 16. cxb7+ Kb8 $17) 15... Nxd5 16. Qf3 Rxh4 17. Nxf7 (17. Qxf7 $2 Rxh2+ 18. Kxh2 Rh8+ 19. Nh3 Qxf7 $19)) 14. Kh1 $1 Rxh4 (14... c6 $15) 15. Rg1 Qf6 (15... Bxf2 $2 16. Rg2 $18) 16. Ndf3 Rh5 17. d4 Ng6 $1 18. Rg3 Nf4 19. Qd2 Kf8 20. dxe5 dxe5 21. Rd1 Qd6 22. Qc1 $1 $14 {[%emt 0:08:49] White is more active.} (22. Qxd6+ cxd6 23. Rxd6 Ke7 $11 (23... Bxf2 24. Nxf7 Bxg3 25. Rxd8+ Rxd8 26. Nxd8 $19) (23... f6 24. Rd7 $17)) 22... Qe7 {[%emt 0:02:06][%mdl 8192] [#]} (22... Qf6 $16 {is tougher.}) 23. Rg4 $2 (23. Rd7 $1 $18 Qe8 (23... Qxd7 $2 24. Nxe5 Qd6 25. Ngxf7 $18) 24. Qd2 (24. Bxf7 Nxf7 25. Rxf7+ Kg8 $18) (24. Rxc7 Bxf2 25. Rg4 Bb6 $18)) 23... Qf6 (23... b5 $1 $11 24. axb5 axb5 25. Bxb5 Qf6) 24. Rd7 $18 Nh3 25. Kg2 (25. Bxf7 $18 Nxf2+ (25... Rxg5 $2 26. Nxg5 Nxg5 27. Qxg5 $18) 26. Kg2 Nxf7 (26... Rxg5 $2 27. Nxg5 Nxf7 28. Nh7+ Ke8 29. Nxf6+ $18) 27. Rxf7+ Qxf7 28. Nxf7 (28. Nxe5 $2 Qa2 $19) 28... Nxg4 29. N7xe5 Ne3+ (29... Nxe5 $2 30. Nxe5 Kg8 31. Ng4 $18) 30. Kg3) 25... Nf4+ $11 26. Kf1 (26. Kh1 Nh3 27. Bxf7 g6 $18 (27... Nxf2+ 28. Kg2 $16) (27... Rxg5 $2 28. Nxg5 Nxg5 29. Qxg5 $18)) 26... Nh3 {[%emt 0:00:54][%cal Oh5g5] ...Rxg5! is the strong threat.} 27. Kg2 {[%emt 0:04:38] Chess con chili.} (27. Bxf7 $2 Rxg5 $19) 27... Nf4+ $1 28. Kh1 $2 (28. Kf1 $11 Nh3 29. Kg2 (29. Bxf7 $2 Rxg5 $19)) 28... Nh3 $1 $18 29. Rg3 Bxf2 $2 (29... Nxg5 $16 {is more resistant.} 30. Nxg5 Bxf2) 30. Rxh3 ({Less strong is} 30. Bxf7 Nxf7 31. Rxf7+ (31. Nxh3 $2 {perishes.} Bxg3 32. Kg2 Bxh2 $19) 31... Qxf7 32. Nxf7 (32. Nxh3 $2 {loses.} Bxg3 33. Nfg5 Bf4 $19) 32... Bxg3 $16) 30... Rxh3 31. Kg2 (31. Qd1 $142) 31... Qh6 $2 (31... Ke8 32. Nxh3 Kxd7) 32. Qd2 {[%emt 0:00:58] White is clearly winning.} Bd4 33. cxd4 Qh5 34. dxe5 {[%emt 0:00:24] Weighted Error Value: White=0.42/Black=0.49.  Loses game:     	---       	Black=3      Missed win:     	White=2     	---        Mistake:       	White=3     	Black=3      OK:         	White=8     	Black=6      Best:        	White=2     	Black=4      Strong:       	White=2     	Black=3      Brilliant:      	---       	Black=1} 1-0

[Event "7th Sharjah Masters 2024"]
[Site "Sharjah"]
[Date "2024.05.20"]
[Round "7.16"]
[White "Mishra, Abhimanyu"]
[Black "Siddharth, Jagadeesh"]
[Result "1-0"]
[ECO "C03"]
[WhiteElo "2634"]
[BlackElo "2512"]
[Annotator "TA"]
[PlyCount "139"]
[EventDate "2024.05.13"]
[EventType "swiss"]
[EventCountry "UAE"]
[SourceTitle "playchess.com"]
[Source "ChessBase"]
[SourceQuality "1"]
[TimeControl "5400+30"]

1. e4 e6 2. d4 d5 3. Nd2 c5 4. Ngf3 cxd4 5. Nxd4 Nf6 6. exd5 Nxd5 7. c3 Be7 8. N2f3 O-O 9. Bd3 Nc6 {[%emt 0:00:30] C03: French Tarrasch: Unusual Black 3rd moves.} 10. O-O Nxd4 11. Nxd4 Bf6 12. Qh5 $146 ({Predecessor:} 12. Be4 Qb6 13. Qc2 h6 14. Bxd5 Bxd4 15. Be4 Bf6 16. a4 Bd7 17. a5 Qa6 18. Be3 {1-0 Shyam,S (2312)-Rahimov,R (2218) Asia-ch U16 Tehran 2008 (2)}) 12... g6 13. Qf3 Bxd4 14. cxd4 Qh4 15. Re1 Bd7 16. Re4 Qe7 17. Bh6 Rfe8 18. Rae1 Bc6 19. Qg3 Nb4 20. Rg4 Nxd3 21. Qxd3 Qb4 22. Qe2 Qb5 23. Qe5 Qxe5 24. dxe5 Bd5 25. a3 Rac8 26. Bd2 Red8 27. Bc3 Rc4 28. Rxc4 Bxc4 29. h4 h5 30. Kh2 Bd5 31. Kg3 Rc8 32. f3 Rc4 33. Rd1 a6 34. Rd2 Kf8 35. Bd4 Ke8 36. Kf4 Kf8 37. Kg5 Kg7 38. Bc3 Rc6 39. Rd4 Rc4 40. Rd1 Rc6 41. Rd2 Rc4 42. Rd3 Kh7 43. g4 hxg4 44. fxg4 Re4 45. h5 gxh5 46. gxh5 Re2 47. Kf6 Rf2+ 48. Ke7 Rf5 49. Rh3 $1 Bf3 50. h6 Bh5 51. Kd6 Kxh6 52. Kc7 Kg5 53. Kxb7 Be2 54. a4 Bd1 55. a5 Be2 56. Rh2 Bf1 57. Rh8 Kg6 58. Rg8+ Kh7 59. Rd8 f6 (59... Rg5 $1 $14) 60. Rd6 $2 (60. exf6 $18 {Black must now prevent Rd6.} e5 61. Rd1) 60... fxe5 $11 61. Rxa6 Rf7+ 62. Kb6 Bxa6 63. Kxa6 Kg6 $2 (63... e4 $11) 64. Kb6 $18 Kf5 65. a6 Ke4 66. a7 Rf8 67. Kb7 (67. b4 $18 Kd5 68. b5) 67... Rf7+ {[%emt 0:01:00] [#]} 68. Ka6 $1 Rf8 69. b4 Kd5 70. b5 1-0

[Event "7th Sharjah Masters 2024"]
[Site "Sharjah"]
[Date "2024.05.20"]
[Round "7.17"]
[White "Puranik, Abhimanyu"]
[Black "Iniyan, Pa"]
[Result "1-0"]
[ECO "B81"]
[WhiteElo "2631"]
[BlackElo "2497"]
[Annotator "TA"]
[PlyCount "67"]
[EventDate "2024.05.13"]
[EventType "swiss"]
[EventCountry "UAE"]
[SourceTitle "playchess.com"]
[Source "ChessBase"]
[SourceQuality "1"]
[TimeControl "5400+30"]

1. e4 c5 2. Nf3 d6 3. d4 cxd4 4. Nxd4 Nf6 5. Nc3 a6 6. h3 e6 7. g4 b5 8. g5 Nfd7 (8... b4 $5) 9. a3 Bb7 10. Be3 {[%emt 0:00:30] White is slightly better.} Nb6 11. f4 N8d7 12. f5 (12. Bd3 $11) 12... exf5 (12... e5 $1 $15 13. Nf3 Rc8) 13. Nxf5 $11 {[%emt 0:00:30][%cal Od1d4] Hoping for Qd4!} Ne5 14. Bxb6 $1 Qxb6 15. Nd5 $36 {[%emt 0:00:30][%mdl 2048] White is more active.} Qd8 16. h4 h6 17. gxh6 g6 18. Ng7+ {[%emt 0:00:30] Excellent horsemanship.} Kd7 $1 19. Bh3+ $1 Kc6 $2 {[%emt 0:00:30] [#] This costs Black the game.} (19... f5 $1 $11 {and Black is okay.} 20. Nxf5 (20. exf5 $2 Qxh4+ 21. Kf1 Qc4+ 22. Qe2 Bxd5 $19) 20... gxf5 21. Bxf5+ Kc6) 20. c4 $1 $18 Qxh4+ $2 (20... Bc8 21. cxb5+ Kb7) 21. Kf1 Qxe4 22. cxb5+ axb5 {[%emt 0:00:30] [#]} 23. Rc1+ $1 Nc4 24. Bg2 (24. Bd7+ $2 Kxd7 25. Nf6+ Kd8 26. Nxe4 Ne3+ 27. Kg1 Nxd1 $19) 24... Qe5 25. Qb3 {[%emt 0:00:30] White threatens Rxc4+ and mate.} Ra4 26. Rh4 Bxg7 27. Rhxc4+ Rxc4 28. Rxc4+ (28. hxg7 $2 Rxc1+ 29. Kf2 Qxg7 $19) 28... bxc4 29. Qb6+ (29. hxg7 $2 {loses.} cxb3 30. Nf6+ Kc7 31. gxh8=Q Bxg2+ (31... Qxb2 $2 32. Ne8+ Kd8 33. Qxb2 $18) 32. Kxg2 Qxb2+ 33. Kf3 Qc3+ (33... Qxa3 34. Nd5+ Kc6 35. Ne3 $11) 34. Ke2 Qc4+ 35. Ke3 b2 36. Ne8+ Kd7 37. Qxb2 Kxe8 38. Qb8+ Kd7 $19) (29. Qa4+ $142 Kc5 30. Qa5+ (30. hxg7 $2 {too greedy.} Qf5+ 31. Ke1 Qb1+ 32. Kf2 Qxb2+ 33. Ke3 Qd4+ 34. Ke2 Qd3+ 35. Ke1 Qb1+ 36. Kd2 Ra8 $19) 30... Kd4 31. Qa7+ (31. Qd2+ Kc5 32. Qa5+ Kd4 33. Qa7+ Kd3 34. Nb4+ Kd2 35. Qf2+ Qe2+ 36. Qxe2+ Kc1 37. Qc2#) 31... Kd3 32. Nb4+ (32. Qxb7 Qe2+ 33. Kg1 Bd4+ 34. Kh2 Rxh6+ 35. Kg3 Qf2+ 36. Kg4 Qxg2+ 37. Kf4 Rh4#) 32... Kd2 33. Qf2+ (33. Bxb7 Qe2+ 34. Kg1 Qg4+ 35. Kf1 Bd4) 33... Qe2+ 34. Qxe2+ Kc1 35. Qc2#) 29... Kd7 30. Qxb7+ Ke6 31. Qe7+ Kf5 32. hxg7 Rg8 33. Bh3+ Ke4 34. Nf6+ {[%emt 0:00:30] Weighted Error Value: White=0.11 (very precise) /Black=0.75.  Loses game:     	---       	Black=1      Mistake:       	White=1     	Black=2      Inaccurate:     	White=1     	Black=1      OK:         	White=4     	Black=4      Best:        	White=2     	Black=1      Strong:       	White=3     	Black=1} 1-0

[Event "7th Sharjah Masters 2024"]
[Site "Sharjah"]
[Date "2024.05.20"]
[Round "7.18"]
[White "Martirosyan, Haik M."]
[Black "Royal, Shreyas"]
[Result "1-0"]
[ECO "B57"]
[WhiteElo "2679"]
[BlackElo "2464"]
[Annotator "TA"]
[PlyCount "65"]
[EventDate "2024.05.13"]
[EventType "swiss"]
[EventCountry "UAE"]
[SourceTitle "playchess.com"]
[Source "ChessBase"]
[SourceQuality "1"]
[TimeControl "5400+30"]

1. e4 c5 2. Nf3 d6 3. d4 cxd4 4. Nxd4 Nf6 5. Nc3 Nc6 6. Bc4 Qb6 7. Nb3 e6 8. O-O Be7 9. Be3 Qc7 10. f4 a6 11. a4 b6 12. Bd3 Bb7 13. Qe1 O-O 14. Qg3 Nb4 {[%emt 0:00:30] The position is equal.} 15. f5 Kh8 $1 16. fxe6 fxe6 17. Nd4 $36 {[%emt 0:00:30][%mdl 2048] White has some pressure.} Qd7 18. Qh3 Nxd3 19. cxd3 Bc8 20. Rac1 (20. Nf3 {simplifies} e5 21. Qxd7 Bxd7 22. Bxb6 Rab8 23. a5) 20... Qe8 (20... e5 $14 21. Qxd7 (21. Nf5 Qd8 $14) 21... Bxd7) 21. Nxe6 $16 {[%emt 0:00:30][%cal Oc3d5] White is much more active.} Bd8 {[%emt 0:00:30] [#]} (21... Qf7 $16 22. Ng5 Qb3) 22. Nxg7 $1 $18 Kxg7 {[%emt 0:00:30] [#]} 23. Qg3+ Qg6 {[%emt 0:00:30] And now ...Qxg3 would win.} 24. Qxd6 {[%emt 0:00:30][%cal Oc3e2] Hoping for Ne2!} Re8 $2 {[%emt 0:00:30] Black is weak on the dark squares} (24... Bh3 25. Rc2 Ra7) 25. Nd5 {[%emt 0:00:30] White wants to mate with Nxf6. White is clearly winning.} (25. Bxb6 Bh3 26. Rc2 Re6 27. Qxd8 Rxd8 28. Bxd8 Rc6 $11) 25... Nh5 26. Bd4+ Kh6 27. Rc6 Be6 28. Be3+ Kg7 29. Qe5+ (29. Nxb6 Ra7 30. Nd5 Rd7 31. Qe5+ Kg8 $16) 29... Kg8 30. Bd4 (30. Nxb6 Ra7 $16) 30... Ng7 31. Nf6+ (31. Bxb6 Qh5 32. Qxh5 (32. Nf6+ $2 Bxf6 33. Qxf6 Rf8 $19) 32... Nxh5 $16) 31... Bxf6 32. Rxf6 ({And not} 32. Qxf6 Qxf6 33. Bxf6 Bb3 $11) 32... Qg4 33. h3 {[%emt 0:00:30] Weighted Error Value: White=0.04 (flawless) /Black=0.47.  Mistake:       	---       	Black=3      Inaccurate:     	---       	Black=1      OK:         	White=6     	Black=1      Best:        	White=2     	Black=3      Strong:       	---       	Black=1      Brilliant:      	White=1     	---} (33. Rxb6 Bc4 34. Qc7 Rac8 $11) 1-0

[Event "7th Sharjah Masters 2024"]
[Site "Sharjah"]
[Date "2024.05.20"]
[Round "7.19"]
[White "Horvath, Dominik"]
[Black "Sevian, Samuel"]
[Result "1/2-1/2"]
[ECO "B67"]
[WhiteElo "2554"]
[BlackElo "2699"]
[Annotator "TA"]
[PlyCount "44"]
[EventDate "2024.05.13"]
[EventType "swiss"]
[EventCountry "UAE"]
[SourceTitle "playchess.com"]
[Source "ChessBase"]
[SourceQuality "1"]
[TimeControl "5400+30"]

1. e4 c5 2. Nf3 d6 3. d4 cxd4 4. Nxd4 Nf6 5. Nc3 Nc6 6. Bg5 a6 7. Qd2 e6 8. O-O-O Bd7 9. Kb1 Be7 10. f3 Nxd4 11. Qxd4 b5 12. h4 Qc7 {[%emt 0:00:30] White has an edge.} 13. g4 Rb8 14. Be3 b4 15. Ne2 Bb5 16. g5 (16. Qxb4 $2 {loses.} Bxe2 17. Qa4+ Bb5 18. Bxb5+ axb5 $19) 16... Nh5 17. Nf4 (17. Qxb4 $2 {perishes.} Bxe2 18. Qa4+ Bb5 19. Bxb5+ axb5 $19) (17. b3 {simplifies} O-O 18. c4 bxc3 19. Nxc3 Bxf1 20. Rhxf1 a5 21. Rc1) 17... Nxf4 {[%emt 0:00:30] The position is equal.} 18. Qxg7 (18. Bxf4 $2 {is the wrong capture.} e5 19. Qe3 exf4 $19) 18... Ng6 {[%emt 0:00:30] ...Rc8 would now be deadly.} 19. h5 Bf8 $1 20. Qf6 Be7 21. Qg7 Bf8 $1 22. Qf6 Be7 {[%emt 0:00:30] Weighted Error Value: White=0.05 (flawless) /Black=0.03 (flawless) .  Inaccurate:     	White=1     	---        OK:         	White=6     	Black=3      Best:        	---       	Black=3      Strong:       	---       	Black=2} 1/2-1/2

[Event "7th Sharjah Masters 2024"]
[Site "Sharjah"]
[Date "2024.05.20"]
[Round "7.20"]
[White "Sadhwani, Raunak"]
[Black "Bharath Subramaniyam H"]
[Result "1/2-1/2"]
[ECO "C55"]
[WhiteElo "2654"]
[BlackElo "2545"]
[Annotator "RC"]
[PlyCount "65"]
[EventDate "2024.05.13"]
[EventType "swiss"]
[EventCountry "UAE"]
[SourceTitle "playchess.com"]
[Source "ChessBase"]
[SourceQuality "1"]
[TimeControl "5400+30"]

1. e4 e5 2. Nf3 Nc6 3. Bc4 Nf6 4. d3 Be7 5. O-O O-O 6. Re1 d6 7. a4 Na5 8. Ba2 c5 9. c3 Nc6 10. Na3 h6 11. Bd2 a6 12. h3 Rb8 13. d4 cxd4 14. cxd4 exd4 15. Nc2 d5 16. e5 Ne4 17. Ncxd4 Nxd2 18. Qxd2 Bb4 19. Qe3 Bxe1 20. Rxe1 Re8 21. Bb1 Be6 22. Qd3 g6 23. Qe3 Kg7 24. g4 Rc8 25. Kg2 Qe7 26. Re2 Rh8 27. Qf4 Nxd4 28. Nxd4 Rc4 29. Bd3 Rxd4 30. Qxd4 h5 31. f3 Qh4 32. Re3 Rc8 33. Re2 1/2-1/2

[Event "7th Sharjah Masters 2024"]
[Site "Sharjah"]
[Date "2024.05.20"]
[Round "7.21"]
[White "Can, Emre"]
[Black "Sargsyan, Shant"]
[Result "1/2-1/2"]
[ECO "E52"]
[WhiteElo "2549"]
[BlackElo "2637"]
[Annotator "RC"]
[PlyCount "65"]
[EventDate "2024.05.13"]
[EventType "swiss"]
[EventCountry "UAE"]
[SourceTitle "playchess.com"]
[Source "ChessBase"]
[SourceQuality "1"]
[TimeControl "5400+30"]

1. d4 e6 2. c4 b6 3. Nc3 Bb4 4. Bd2 Bb7 5. e3 Nf6 6. Nf3 O-O 7. Bd3 d5 8. cxd5 exd5 9. O-O Bd6 10. Rc1 c5 11. Ne5 Nc6 12. Nxc6 Bxc6 13. Nb5 c4 14. Nxd6 Qxd6 15. Bb1 b5 16. Qe1 Rfe8 17. f3 Qd8 18. Ba5 Qe7 19. Kf2 h5 20. Qd2 g6 21. Rce1 Qd6 22. Kg1 Re6 23. a3 Rae8 24. Bb4 Qc7 25. Ba5 Qe7 26. Bb4 Qd7 27. Qf2 Qc7 28. Qd2 Bb7 29. Ba5 Qe7 30. Bb4 Qd7 31. Bc3 Qe7 32. Bb4 Qd7 33. Bc3 1/2-1/2

[Event "7th Sharjah Masters 2024"]
[Site "Sharjah"]
[Date "2024.05.20"]
[Round "7.22"]
[White "Gledura, Benjamin"]
[Black "Gavrilescu, David"]
[Result "1-0"]
[ECO "A17"]
[WhiteElo "2619"]
[BlackElo "2540"]
[Annotator "TA"]
[PlyCount "121"]
[EventDate "2024.05.13"]
[EventType "swiss"]
[EventCountry "UAE"]
[SourceTitle "playchess.com"]
[Source "ChessBase"]
[SourceQuality "1"]
[TimeControl "5400+30"]

1. Nf3 d5 2. e3 Nf6 3. c4 e6 4. Nc3 c5 5. cxd5 exd5 6. Bb5+ {[%emt 0:00:30] A17: English Opening: 1...Nf6 with ...Bb4.} Nc6 {[%emt 0:00:30] The main line 6...Nc6 scores better than 6...Bd7.} 7. Ne5 Bd7 8. Bxc6 bxc6 9. Nxd7 Nxd7 10. O-O Bd6 11. d3 O-O 12. e4 Be5 $146 ({Predecessor:} 12... Nb6 13. a4 a5 14. exd5 Nxd5 15. Ne4 Be5 16. Rb1 Re8 17. g3 Bd4 18. Bd2 Nb4 19. Bxb4 cxb4 {0-1 Liu,Y (2579)-Wen,Y (2574) CHN-chT Div A Finals 2023 (5.1)}) 13. exd5 Bxc3 14. dxc6 Bd4 15. cxd7 Qxd7 16. Rb1 Rfe8 17. b3 Rad8 18. Bb2 Bxb2 19. Rxb2 Qxd3 20. Qxd3 Rxd3 21. Rc2 Rd5 22. Rfc1 g6 23. Kf1 (23. Rxc5 $2 {is the wrong capture.} Rxc5 24. Rf1 Rc2 $19) 23... Ree5 24. Re1 Rf5 25. h4 Rd4 26. g3 Kf8 27. Re3 Rb4 28. Rec3 Rb5 $1 29. Rd2 Ra5 30. Re3 (30. a4 $16) 30... Ra3 $11 31. Ke2 h5 32. Re4 Rf6 33. Rc4 Re6+ 34. Kd1 Rea6 35. Rcc2 Ke7 36. Kc1 R3a5 37. Kb1 Rd6 38. Kb2 Rb5 (38... Rxd2 $11 39. Rxd2 Ke6) 39. Re2+ $16 Re6 40. a4 Ra5 41. Rxe6+ Kxe6 42. Re2+ Kd6 43. Rd2+ $1 Ke6 $2 {[%emt 0:00:30] [#]} (43... Kc6 $16) 44. Kc3 $1 $18 Ra6 45. Kc4 Rb6 46. Rd3 $1 (46. Kxc5 Rxb3 47. a5 f6 $11) 46... Rb4+ 47. Kxc5 a5 $2 (47... Rb8 48. b4 Ke7) 48. Kc6 (48. Rd6+ $142 Kf5 49. Rb6) 48... f6 $2 (48... Kf6 49. Rd6+ Kg7) 49. Rd6+ $18 Kf5 (49... Ke7 $142 50. Rd7+ Ke6) 50. Rd5+ $18 Kg4 {[%emt 0:00:30] [#]} 51. Rb5 $1 (51. Rxa5 Rxb3 52. Rb5 Rc3+ 53. Kb6 Rc2 $14) 51... Re4 52. Rxa5 Kf3 53. Rc5 Kxf2 54. Rc3 g5 55. a5 gxh4 56. gxh4 f5 57. a6 Re6+ 58. Kb7 Re7+ 59. Rc7 Re3 60. b4 Rb3 61. Rc4 1-0